 Dungeon Crawl Stone Soup version 0.23-a0-644-gb60d84b (webtiles) character file.

1442 Borgoz the Grappler (level 8, -1/66 HPs)
             Began as a Ghoul Gladiator on Jan 1, 2019.
             Killed from afar by Dowan (21 damage)
             ... with a shard of ice
             ... on level 6 of the Dungeon.
             The game lasted 00:09:56 (4554 turns).

Borgoz the Grappler (Ghoul Gladiator)               Turns: 4554, Time: 00:09:57

Health: -1/66      AC:  4    Str: 19    XL:     8   Next: 74%
Magic:  7/7        EV: 13    Int:  3    God:
Gold:   233        SH:  0    Dex: 11    Spells: 7/7 levels left

rFire    + . .     SeeInvis +     - Unarmed
rCold    + . .     Gourm    .   (no shield)
rNeg     + + +     Faith    .   a - +0 leather armour
rPois    ∞         Spirit   .   b - +0 helmet
rElec    .         Reflect  .   (no cloak)
rCorr    .         Harm     .   (no gloves)
MR       .....                  (no boots)
Stlth    ++........             (no amulet)
HPRegen  0.00/turn              o - ring of see invisible
MPRegen  0.10/turn              f - ring of protection from fire

@: rotting
A: rotting body, claws 1, carnivore, cold resistance 1, negative energy
resistance 3, inhibited regeneration, torment resistance, unbreathing
a: no special abilities


You were on level 6 of the Dungeon.
You were not hungry.

You visited 1 branch of the dungeon, and saw 6 of its levels.

You collected 321 gold pieces.
You spent 88 gold pieces at shops.

Inventory:

Missiles
 c - 5 throwing nets (quivered)
Armour
 a - a +0 leather armour (worn)
 b - a +0 helmet (worn)
Jewellery
 e - a +3 ring of intelligence
 f - a ring of protection from fire (right claw)
 o - a ring of see invisible (left claw)
 s - an uncursed ring of flight
 u - a +4 ring of intelligence
Wands
 y - a wand of polymorph (10)
Scrolls
 g - 9 scrolls of identify
 h - a scroll of immolation {unknown}
 i - 3 scrolls of teleportation
 j - 3 scrolls of enchant weapon {unknown}
 k - a scroll of enchant armour {unknown}
 l - 2 scrolls of remove curse
 m - a scroll of blinking {unknown}
 n - 3 scrolls of amnesia {unknown}
 t - 3 scrolls of magic mapping {unknown}
Potions
 p - 2 potions of flight {unknown}
 q - a potion of heal wounds
 r - a potion of lignification {unknown}
 v - a potion of haste {unknown}
 w - 5 potions of brilliance {unknown}
 x - a potion of might
 A - a potion of degeneration {unknown}
Comestibles
 d - 12 rations
 z - 3 chunks of flesh


   Skills:
 + Level 4.0 Fighting
 + Level 2.0 Throwing
 + Level 3.4 Armour
 + Level 4.6 Dodging
 + Level 2.0 Stealth
 + Level 9.2 Unarmed Combat


You had 7 spell levels left.
You didn't know any spells.
Your spell library contained the following spells:

 Spells                   Type           Power        Failure   Level  Hunger
 Confusing Touch          Hex            #.....       56%         1    ##.....
 Confuse                  Hex            #.......     91%         3    ####...
 Gell's Gravitas          Tloc           #.........   91%         3    ####...
 Petrify                  Tmut/Erth      #.......     100%        4    #####..
 Metabolic Englaciation   Hex/Ice        #.........   100%        5    ######.
 Yara's Violent Unravell  Hex/Tmut       #.........   100%        5    ######.


Dungeon Overview and Level Annotations

Branches:
Dungeon (6/15)             Temple (0/1) D:6

Altars:
Ashenzari
Cheibriados
Fedhas
Gozag
Kikubaaqudgha
Makhleb
Zin

Shops:
D:4 ?*[

Annotations:
D:6 Dowan


Innate Abilities, Weirdness & Mutations

Your body is rotting away.
You thrive on raw meat.
You are immune to poison.
You have sharp fingernails.
You are carnivorous and can eat meat at any time.
Your flesh is cold resistant. (rC+)
You are immune to negative energy. (rN+++)
You do not regenerate when monsters are visible.
You are immune to unholy pain and torment.
You can survive without breathing.


Message History

Dowan is heavily wounded.
Dowan hits you but does no damage.
You barely miss Dowan.
Dowan is heavily wounded.
Dowan says, "How can I live without her?"
Dowan closely misses you. Dowan casts a spell at you.
The stone arrow misses you.
You scratch Dowan.
Dowan is heavily wounded.
Dowan casts a spell at you. The stone arrow hits you!
You scratch Dowan.
Dowan is severely wounded.
Dowan mumbles some strange words.
Dowan blinks!
Dowan shakes with grief.
Dowan points at you and mumbles some strange words.
The shard of ice hits you! You partially resist.
You die...

...# ...# ........
...# .8.>.8 +.. ...#
..... .#.. ...#######
#.8.###... ..........#
#..e....# ..........+
#.......# ..........#
#..)....# ..........#
#..@....# ..........#
#..§....#
..........####†......#
###..................#
..#..................#
..#..................#
..+..................#
..#..................#
..#..................#


You could see Dowan.

Vanquished Creatures
  Sigmund (D:5)
  Menkaure (D:5)
  Duvessa (D:6)
  A phantom (D:4)
  An orc warrior (D:5)
  2 ogres
  2 howler monkeys
  3 orc priests
  A jelly (D:5)
  A centaur skeleton (D:4)
  A bullfrog skeleton (D:4)
  An iguana (D:5)
  4 orc wizards
  5 worker ants
  9 adders
  2 adder skeletons
  A dart slug (D:3)
  2 worms
  3 leopard geckos
  21 orcs
  7 giant cockroaches
  7 goblins
  9 hobgoblins
  10 jackals
  5 kobolds
  2 quokkas
  8 ball pythons
  7 bats
  7 frilled lizards
  A jackal skeleton (D:5)
  6 rats
132 creatures vanquished.

Notes
Turn   | Place    | Note
-------+----------+-------------------------------------------
     0 | D:1      | Borgoz the Ghoul Gladiator began the quest for the Orb.
     0 | D:1      | Reached XP level 1. HP: 17/17 MP: 0/0
   234 | D:1      | Reached XP level 2. HP: 24/24 MP: 1/1
   882 | D:2      | Reached XP level 3. HP: 28/29 MP: 2/2
   903 | D:2      | Reached skill level 4 in Unarmed Combat
  1310 | D:3      | Reached XP level 4. HP: 34/37 MP: 3/3
  1337 | D:3      | Found a burning altar of Makhleb.
  1373 | D:3      | HP: 1/37 [orc priest/+0 whip (2)]
  1375 | D:3      | Reached skill level 1 in Armour
  1375 | D:3      | Reached XP level 5. HP: 1/42 MP: 4/4
  1579 | D:3      | Found a snail-covered altar of Cheibriados.
  1655 | D:3      | Found a shattered altar of Ashenzari.
  1683 | D:3      | Reached skill level 5 in Unarmed Combat
  1726 | D:3      | Reached XP level 6. HP: 35/50 MP: 5/5
  2192 | D:3      | Reached skill level 6 in Unarmed Combat
  2246 | D:4      | Found Zaocsuq's Magic Scroll Shoppe.
  2249 | D:4      | Bought a scroll of teleportation for 33 gold pieces
  2249 | D:4      | Bought a scroll of remove curse for 33 gold pieces
  2249 | D:4      | Bought a scroll of identify for 22 gold pieces
  2372 | D:4      | Reached XP level 7. HP: 45/57 MP: 6/6
  2420 | D:4      | HP: 1/57 [phantom (8)]
  2446 | D:5      | Entered Level 5 of the Dungeon
  3044 | D:4      | Found Bimik's General Store.
  3058 | D:4      | Found Ydaatoargh's Antique Armour Boutique.
  3130 | D:4      | Reached skill level 7 in Unarmed Combat
  3725 | D:5      | Reached skill level 1 in Stealth
  3796 | D:5      | Noticed Menkaure
  3806 | D:5      | Killed Menkaure
  3872 | D:5      | Reached XP level 8. HP: 64/64 MP: 7/7
  3915 | D:5      | Found a blossoming altar of Fedhas.
  3920 | D:5      | Found an ancient bone altar of Kikubaaqudgha.
  4096 | D:5      | Reached skill level 8 in Unarmed Combat
  4155 | D:5      | Noticed Sigmund
  4164 | D:5      | Killed Sigmund
  4396 | D:6      | Found an opulent altar of Gozag.
  4445 | D:6      | Found a glowing silver altar of Zin.
  4500 | D:6      | Reached skill level 9 in Unarmed Combat
  4514 | D:6      | Noticed Duvessa
  4514 | D:6      | Noticed Dowan
  4518 | D:6      | Found a staircase to the Ecumenical Temple.
  4531 | D:6      | Killed Duvessa
  4554 | D:6      | Killed from afar by Dowan

Vault maps used:
D:1:      giann_forest_graveyard, minmay_hexomino_u4
D:2:      minmay_inner_zag
D:3:      kennysheep_slug_shrine, nicolae_ashenzari_panopticon,
          lemuel_round_altar, first_ration
D:4:      serial_shops, nicolae_shop_stone, nicolae_shop_behind_doors,
          nicolae_shop_stone, minmay_snake_closets
D:5:      lemuel_round_altar, minmay_misc_feat_cross, lemuel_tele_altar,
          uniq_sigmund, uniq_menkaure
D:6:      marbit_many_paths, kennysheep_mini, grunt_gozag_breadcrumbs,
          minmay_temple_entry_statues_pillars, uniq_duvessa

Skill      XL: |  1  2  3  4  5  6  7  8 |
---------------+-------------------------+-----
Dodging        | 3 4 |  4.6
Throwing       | 2 |  2.0
Unarmed Combat | 4 5 6 7 9 |  9.2
Armour         | 1 2 3 |  3.4
Fighting       | 3 4 |  4.0
Stealth        | 1 2 |  2.0

Action                   |  1- 3 |  4- 6 |  7- 9 || total
-------------------------+-------+-------+-------++-------
Melee: Unarmed           |   122 |   174 |   207 ||   503
       Punch             |       |     2 |    14 ||    16
  Use: Potion            |       |     1 |     3 ||     4
 Stab: Sleeping          |       |       |     1 ||     1
  Eat: Chunk             |     4 |    35 |    21 ||    60
Armor: Leather armour    |    50 |    34 |    34 ||   118
Dodge: Dodged            |    95 |   120 |   108 ||   323

Table legend:
 A = Non-vault XP
 B = Vault XP
 C = Vault XP percentage of total XP
 D = Non-vault monster count
 E = Vault monster count
 F = Vault count percentage of total count
                 A         B        C        D         E       F
            +---------+---------+-------+---------+---------+-------
      Total |    1426 |     635 |  30.8 |     108 |      24 |  18.2
            +---------+---------+-------+---------+---------+-------
        D:1 |      22 |       6 |  21.4 |      14 |       4 |  22.2
        D:2 |      19 |      34 |  64.2 |      11 |       6 |  35.3
        D:3 |     396 |       4 |   1.0 |      39 |       1 |   2.5
        D:4 |     372 |      49 |  11.6 |      18 |      10 |  35.7
        D:5 |     550 |     395 |  41.8 |      20 |       2 |   9.1
        D:6 |      67 |     147 |  68.7 |       6 |       1 |  14.3
            +---------+---------+-------+---------+---------+-------
